 Dungeon Crawl Stone Soup version 0.21-a0-405-gf2af9a1 (webtiles) character file.

109 FerrousOx the Chiller (level 4, -4/32 HPs)
             Began as a Barachi Ice Elementalist on Nov 1, 2017.
             Slain by a gnoll
             ... wielding a +0 spear
              (9 damage)
             ... on level 2 of the Dungeon.
             The game lasted 00:06:14 (2578 turns).

FerrousOx the Chiller (Barachi Ice Elementalist)    Turns: 2578, Time: 00:06:15

Health: -4/32      AC:  3    Str:  9    XL:     4   Next: 90%
Magic:  2/8        EV: 12    Int: 17    God:
Gold:   134        SH:  0    Dex: 12    Spells: 3/9 levels left

rFire    . . .     SeeInvis .   j - +0 spear
rCold    . . .     Gourm    .   (no shield)
rNeg     . . .     Faith    .   a - +0 robe
rPois    .         Spirit   .   (no helmet)
rElec    .         Reflect  .   g - +0 cloak
rCorr    .         Harm     .   (no gloves)
MR       .....                  (no boots)
Stlth    ++........             k - amulet of magic regeneration
HPRegen  0.10/turn              (no ring)
MPRegen  0.36/turn              (no ring)

@: slow
A: +LOS, swims, slowness 1, strong legs 1
a: Hop


You were on level 2 of the Dungeon.
You were not hungry.

You visited 1 branch of the dungeon, and saw 2 of its levels.

You collected 134 gold pieces.

Inventory:

Hand Weapons
 j - a +0 spear (weapon)
Armour
 a - a +0 robe (worn)
 g - a +0 cloak (worn)
Jewellery
 f - an uncursed ring of fire
 k - an amulet of magic regeneration (around neck)
Scrolls
 i - a scroll of enchant armour {unknown}
 l - a scroll of amnesia {unknown}
 n - a scroll of immolation {unknown}
Potions
 d - 2 potions of ambrosia {unknown}
 e - a potion of agility {unknown}
 h - 2 potions of curing {unknown}
Books
 b - a book of Frost

   Spells                             Type                      Level
   a - Freeze                         Ice                          1
   b - Throw Frost                    Conjuration/Ice              2
   c - Ozocubu's Armour               Charms/Ice                   3
   d - Throw Icicle                   Conjuration/Ice              4
   e - Summon Ice Beast               Ice/Summoning                4
Comestibles
 c - 3 bread rations
 m - a chunk of flesh


   Skills:
 * Level 1.5 Fighting
 - Level 2.3 Dodging
 - Level 1.9 Stealth
 + Level 3.2 Spellcasting
 - Level 1.4 Conjurations
 * Level 0.7 Charms
 * Level 5.1 Ice Magic


You had 3 spell levels left.
You knew the following spells:

 Your Spells              Type           Power        Failure   Level  Hunger
a - Freeze                Ice            ###.         1%          1    None
b - Throw Frost           Conj/Ice       ##....       7%          2    ##.....
c - Ozocubu's Armour      Chrm/Ice       ##......     16%         3    ###....


Dungeon Overview and Level Annotations

Branches:
Dungeon (2/15)

Altars:
Gozag
Kikubaaqudgha


Innate Abilities, Weirdness & Mutations

Shadows flee at your approach. (+LOS)
You can swim through water.
You cover ground slowly.
You can hop short distances.


Message History

The gnoll is almost dead.
The gnoll barely misses you. The gnoll misses you.
Casting: Freeze
Confirm with . or Enter, or press ? or * to list all spells.
Aiming: Freeze
Press: ? - help, Shift-Dir - straight line, f/p - gnoll
Aim: a gnoll (almost dead)
You freeze the gnoll.
You kill the gnoll!
The gnoll hits you from afar with a spear!
* * * LOW HITPOINT WARNING * * *
Casting: Freeze
Confirm with . or Enter, or press ? or * to list all spells.
Aiming: Throw Frost
Press: ? - help, Shift-Dir - straight line, f - gnoll
Aim: a gnoll, wielding a spear The puff of frost hits the gnoll.
The gnoll is moderately wounded.
The gnoll hits you from afar with a spear!
You die...

.# #.# #.#.......#.#.#
.###.# #.#.#####.#.#.#
..##.# #.#.# #.#.#.#
..##.# #.#.# #.#.#.#
...#)# #.#.# #.#.#.#
.#.#.# #.#.# #.#.#.#
##...# #...# #.#.#.###
###..###########.#.#...#
# #...........g†@..#.###
# ##############.###.#
..# #.# #.# #### #.# #.#
#.# ...# #.# #.# #.#
##.# #.# #.# #.# #.# #.#
######.# #.# #.# #.#
#......# #.# ##.###.#
#.###### #.#


You could see a gnoll.

Vanquished Creatures
  3 gnolls (D:2)
  2 adders (D:2)
  An ooze (D:1)
  A worm (D:2)
  2 dart slugs
  A giant cockroach (D:2)
  6 goblins
  7 hobgoblins
  4 jackals (D:1)
  A quokka (D:2)
  6 bats
  6 frilled lizards
  4 kobolds (D:1)
  6 rats
50 creatures vanquished.

Notes
Turn   | Place    | Note
-------+----------+-------------------------------------------
     0 | D:1      | FerrousOx the Barachi Ice Elementalist began the quest for the Orb.
     0 | D:1      | Reached XP level 1. HP: 13/13 MP: 3/3
    42 | D:1      | Reached XP level 2. HP: 7/19 MP: 0/5
    60 | D:1      | Reached skill level 4 in Ice Magic
   241 | D:1      | Learned a level 2 spell: Throw Frost
   605 | D:1      | Reached XP level 3. HP: 12/24 MP: 2/6
  1529 | D:1      | Learned a level 3 spell: Ozocubu's Armour
  1962 | D:2      | Reached skill level 1 in Fighting
  2223 | D:2      | Reached XP level 4. HP: 32/32 MP: 2/8
  2302 | D:2      | Found an opulent altar of Gozag.
  2397 | D:2      | Found an ancient bone altar of Kikubaaqudgha.
  2555 | D:2      | Reached skill level 5 in Ice Magic
  2578 | D:2      | Slain by a gnoll

Vault maps used:
D:1:      scummos_arrival_forest, minmay_bisected
D:2:      nicolae_overflow_hidden_temple, nicolae_gozag_seed_capital,
          first_bread

Skill      XL: |  1  2  3  4 |
---------------+-------------+-----
Ice Magic      | 4 5 |  5.1
Fighting       | 1 |  1.5
Spellcasting   | 3 |  3.2
Dodging        | |  2.3
Stealth        | |  1.9
Conjurations   | |  1.4
Charms         | |  0.7

Action                   |  1- 3 |  4- 6 || total
-------------------------+-------+-------++-------
Melee: Unarmed           |    35 |       ||    35
       Spear             |    21 |    17 ||    38
 Cast: Freeze            |    36 |    14 ||    50
       Throw Frost       |     9 |    10 ||    19
       Ozocubu's Armour  |     2 |       ||     2
 Stab: Sleeping          |     1 |       ||     1
  Eat: Chunk             |     5 |     2 ||     7
Armor: Robe              |    30 |     5 ||    35
Dodge: Dodged            |   103 |    31 ||   134

Table legend:
 A = Spawn XP
 B = Non-spawn XP
 C = Spawn XP percentage of total XP
 D = Spawn monster count
 E = Non-spawn monster count
 F = Spawn count percentage of total count
 G = Total turns spent on level
                    A         B        C        D         E        F      G
               +---------+---------+-------+---------+---------+-------+---------
         Total |       0 |     157 |   0.0 |       0 |      50 |   0.0 |  2578
               +---------+---------+-------+---------+---------+-------+---------
           D:1 |       0 |      51 |   0.0 |       0 |      27 |   0.0 |  1530
           D:2 |       0 |     106 |   0.0 |       0 |      23 |   0.0 |  1048
               +---------+---------+-------+---------+---------+-------+---------
